 Dungeon Crawl Stone Soup version 0.29.1-2-gbd0b4ee654 (webtiles) character file.

Game seed: 8013846204277513709

177 xian the Trooper (level 5, -5/57 HPs)
             Began as an Ogre Abyssal Knight on Nov 8, 2022.
             Was an Elder of Lugonu.
             Slain by a gnoll sergeant
             ... wielding a +0 trident
              (13 damage)
             ... on level 4 of the Dungeon.
             The game lasted 00:05:39 (3473 turns).

xian the Trooper (Ogre Abyssal Knight)              Turns: 3473, Time: 00:05:40

Health: -5/57      AC:  3    Str: 19    XL:     5   Next: 57%
Magic:  7/7        EV: 10    Int: 11    God:    Lugonu [****..]
Gold:   83         SH:  0    Dex:  9    Spells: 4/4 levels left

rFire   . . .      SeeInvis .   r - +1 hand axe (venom)
rCold   . . .      Faith    .   (no shield)
rNeg    . . .      Spirit   .   b - +0 robe
rPois   .          Reflect  .   (helmet restricted)
rElec   .          Harm     .   (no cloak)
rCorr   .          Rampage  .   (gloves unavailable)
Will    .....                   (boots unavailable)
Stlth   +.........              (no amulet)
HPRegen 0.19/turn               (no ring)
MPRegen 0.10/turn               (no ring)

@: no status effects
A: large, unfitting armour, tough skin 1
a: Renounce Religion, Depart the Abyss, Bend Space, Banish, Corrupt


You were on level 4 of the Dungeon.
You worshipped Lugonu.
Lugonu was greatly pleased with you.
You visited 1 branch of the dungeon, and saw 4 of its levels.
You visited the Abyss 1 time.

You collected 146 gold pieces.
You spent 63 gold pieces at shops.

Inventory:

Hand Weapons
 d - a +2 dagger of venom
 r - a +1 hand axe of venom (weapon)
Missiles
 o - 4 poisoned darts
 q - 3 boomerangs
Armour
 b - a +0 robe (worn)
Scrolls
 a - a scroll of immolation {unknown}
 e - 2 scrolls of magic mapping {unknown}
 f - a scroll of blinking {unknown}
 i - a scroll of brand weapon {unknown}
 j - a scroll of enchant weapon {unknown}
 m - 2 scrolls of teleportation {unknown}
 t - a scroll of fog
Potions
 c - a potion of heal wounds {unknown}
 g - a potion of lignification {unknown}
 h - a potion of might {unknown}
 k - a potion of berserk rage {unknown}
 l - a potion of mutation {unknown}
 n - a potion of attraction {unknown}
 p - a potion of curing


   Skills:
 + Level 5.2 Fighting
 + Level 1.6 Short Blades
 + Level 2.3 Axes
 + Level 3.1 Dodging
 + Level 0.5 Stealth
 * Level 3.3 Invocations


You had 4 spell levels left.
You didn't know any spells.
Your spell library contained the following spells:

 Spells                   Type           Power      Damage    Failure   Level
 Ensorcelled Hibernation  Hex/Ice        0%         N/A       47%         2
 Passwall                 Tmut/Erth      0%         N/A       47%         2
 Gell's Gravitas          Tloc           0%         N/A       71%         3
 Swiftness                Air            0%         N/A       71%         3
 Teleport Other           Tloc           0%         N/A       71%         3
 Dispersal                Tloc           0%         N/A       100%        6


Dungeon Overview and Level Annotations

Branches:
Dungeon (4/15)
 Temple: D:4-7

Altars:
Okawaru
Qazlal
Vehumet

Shops:
D:3 *


Innate Abilities, Weirdness & Mutations

You are too large for most types of armour.
You have tough skin. (AC +1)


Message History

The gnoll hits you from afar with a +0 halberd!
The quokka closely misses you.
You hit the quokka.
The quokka is almost dead.
The gnoll misses you. The quokka bites you. The gnoll barely misses you.
The quokka closely misses you. The gnoll barely misses you.
You closely miss the quokka.
The quokka is almost dead.
You hit the gnoll.
The gnoll is poisoned.
You kill the quokka!
Lugonu accepts your kill.
You can now corrupt the fabric of space.
The gnoll closely misses you. The gnoll barely misses you.
You hit the gnoll.
The gnoll looks as sick as possible!
The gnoll is heavily wounded.
You kill the gnoll!
Lugonu accepts your kill.
The gnoll hits you from afar with a +0 halberd.
Unknown command.
A gnoll sergeant comes into view. It is wielding a +0 trident.
The gnoll sergeant shouts!
A giant cockroach comes into view.
The gnoll hits you with a +0 halberd!
A gnoll comes into view. It is wielding a +0 flail.
The gnoll barely misses you.
Things that are here:
a +0 dagger; a stone; a kobold corpse The gnoll shouts!
The gnoll sergeant hits you with a +0 trident!
Unknown command.
As you read the scroll of summoning, it crumbles to dust.
Wisps of shadow whirl around you...
The gnoll sergeant hits you with a +0 trident!
* * * LOW HITPOINT WARNING * * *
The gnoll barely misses you.
Unknown command.
It was a potion of curing.
You feel better.
The giant cockroach bites you but does no damage.
The gnoll sergeant hits you with a +0 trident!
You die...

......# ..)....
.......## ....#?.
......... ......
......[.# #...# .
........###..# ...
$..g..gS##..## ....
#.....o.#...#....##
#...g@)g..........
#....B.#.)..###...#
........#..### #....
....#.#......##......
.....##...#.....# ...
..........##...###...
...#.....##.....#....
#........##........#
##......###......##


You could see a gnoll sergeant (ally target), 2 gnolls, a giant cockroach, a
friendly orc (summoned), a friendly hobgoblin (summoned) and a friendly ball
python (summoned).

Vanquished Creatures
  An orc priest (D:3)
  An orc wizard (D:3)
  A gnoll (D:4)
  An adder (D:3)
  3 dart slugs
  6 orcs (D:3)
  5 bats
  5 endoplasms
  16 giant cockroaches
  6 goblins
  4 hobgoblins
  4 jackals (D:2)
  9 kobolds
  4 quokkas
  7 ball pythons
  4 frilled lizards
  9 rats
86 creatures vanquished.

Vanquished Creatures (others)
  A giant cockroach (D:3)
  A ball python (D:3)
2 creatures vanquished.

Grand Total: 88 creatures vanquished

Notes
Turn   | Place    | Note
-------+----------+-------------------------------------------
     0 | Abyss:1  | xian the Ogre Abyssal Knight began the quest for the Orb.
     0 | Abyss:1  | Reached XP level 1. HP: 24/24 MP: 2/2
     1 | D:1      | Escaped the Abyss
   123 | D:1      | Reached XP level 2. HP: 21/33 MP: 3/3
   708 | D:1      | Reached XP level 3. HP: 40/41 MP: 4/4
   782 | D:1      | Reached *** piety under Lugonu
  1041 | D:2      | Found a faded altar of an unknown god.
  1439 | D:2      | Reached XP level 4. HP: 49/49 MP: 6/6
  2196 | D:3      | Found a stormy altar of Qazlal.
  2287 | D:3      | Reached skill level 1 in Short Blades
  2430 | D:3      | Reached **** piety under Lugonu
  2508 | D:3      | Found Caah Bant's Assorted Antiques.
  2523 | D:3      | Reached skill level 5 in Fighting
  2523 | D:3      | Reached XP level 5. HP: 20/57 MP: 7/7
  2527 | D:3      | Found an iron altar of Okawaru.
  2759 | D:3      | Bought a scroll labelled IRCHEO WISCHOK for 21 gold pieces
  2759 | D:3      | Bought a scroll labelled VETOT OSTUM for 21 gold pieces
  2759 | D:3      | Bought a scroll labelled PAIZXE XUWIY for 21 gold pieces
  3000 | D:3      | Found a radiant altar of Vehumet.
  3441 | D:4      | Noticed an ice beast
  3473 | D:4      | Slain by a gnoll sergeant

Illustrated notes

Levels and vault maps discovered:
D:1:      lemuel_arrival_behind_the_door_small, layout_rooms
D:2:      minmay_roachtagon, layout_basic, chequers_ecumenical_altar_simple,
          kennysheep_generic_room_7
D:3:      layout_basic, grunt_qazlal_clouds, okawaru_gym_becter,
          fiery_altar_vehumet, serial_shops, shop
D:4:      layout_cave_pools, nicolae_wu_jian_wuxing_cycle,
          chequers_serial_rivers_small_3, amethyst_killhole, uniq_menkaure

Skill      XL: |  1  2  3  4 |
---------------+-------------+-----
Short Blades   | 1 |  1.6
Invocations    | 3 |  3.3
Fighting       | 5 |  5.2
Dodging        | 3 |  3.1
Axes           | |  2.3
Stealth        | |  0.5

Action                   |  1- 3 |  4- 6 || total
-------------------------+-------+-------++-------
Melee: Dagger            |   134 |    63 ||   197
       Hand axe          |     2 |    50 ||    52
  Use: Scroll            |       |     4 ||     4
       Potion            |       |     1 ||     1
Armor: Robe              |    95 |    20 ||   115
Dodge: Dodged            |   138 |    66 ||   204
